 Dungeon Crawl Stone Soup version 0.29-a0-370-gb5314be063 (webtiles) character file.

Game seed: 9889091585692590702

593 Artihs the Covered (level 7, -1/61 HPs)
             Began as a Minotaur Fighter on May 2, 2022.
             Was a Follower of Okawaru.
             Slain by a two-headed ogre
             ... wielding a +0 great mace
              (23 damage)
             ... on level 4 of the Dungeon.
             The game lasted 00:14:09 (4083 turns).

Artihs the Covered (Minotaur Fighter)               Turns: 4083, Time: 00:14:09

Health: -1/61      AC:  7    Str: 23    XL:     7   Next: 16%
Magic:  4/6        EV: 13    Int:  5    God:    Okawaru [*.....]
Gold:   186        SH: 12    Dex:  9    Spells: 6/6 levels left

rFire   . . .      SeeInvis .   r - +0 mace
rCold   . . .      Faith    .   o - +2 kite shield
rNeg    . . .      Spirit   .   D - +3 leather armour
rPois   .          Reflect  .   (helmet restricted)
rElec   .          Harm     .   (no cloak)
rCorr   .          Rampage  .   (no gloves)
Will    .....                   (no boots)
Stlth   ++........              C - amulet of regeneration
HPRegen 1.00/turn               (no ring)
MPRegen 0.10/turn               (no ring)

@: heroic
A: horns 2, retaliatory headbutt
a: Renounce Religion, Heroism


You were on level 4 of the Dungeon.
You worshipped Okawaru.
Okawaru was aware of your devotion.
You visited 1 branch of the dungeon, and saw 4 of its levels.

You collected 186 gold pieces.

Inventory:

Hand Weapons
 a - a +0 flail
 q - a +1 dagger of speed
 r - a +0 mace (weapon)
 v - a +2 dagger of freezing
Missiles
 s - 5 datura-tipped darts
 t - a silver boomerang
 B - 4 poisoned darts
Armour
 b - a +0 scale mail
 c - a +0 buckler
 j - a +1 helmet
 o - a +2 kite shield (worn)
 y - a +0 helmet
 D - a +3 leather armour (worn)
Jewellery
 A - the amulet of Amelioration {RegenMP rN++ Stlth+}
   (You took it off a gnoll on level 4 of the Dungeon)

   [amulet of magic regeneration]

   It increases your rate of magic regeneration.
   rN:        It greatly protects you from negative energy.
   Stlth:     It makes you more stealthy.
 C - an amulet of regeneration (around neck)
Wands
 d - a wand of digging (4)
Scrolls
 e - a scroll of teleportation
 h - a scroll of fear {unknown}
 i - 4 scrolls of identify {unknown}
 l - a scroll of magic mapping {unknown}
 m - a scroll of noise {unknown}
 p - a scroll of fog {unknown}
 x - a scroll of blinking {unknown}
 z - a scroll of enchant weapon {unknown}
Potions
 f - a potion of mutation {unknown}
 g - 2 potions of curing
 k - 2 potions of berserk rage {unknown}
 n - a potion of flight {unknown}
 u - a potion of attraction {unknown}
 w - 2 potions of lignification {unknown}


   Skills:
 + Level 5.1(10.1) Fighting
 + Level 4.4(9.4) Maces & Flails
 + Level 1.1(6.1) Throwing
 + Level 5.2(10.2) Armour
 * Level 4.2(9.2) Dodging
 + Level 5.2(10.2) Shields


You had 6 spell levels left.
You didn't know any spells.
Your spell library contained the following spells:

 Spells                   Type           Power      Damage    Failure   Level
 Stone Arrow              Conj/Erth      0%         3d7       99%         3
 Lehudib's Crystal Spear  Conj/Erth      0%         10d2      100%        8
 Animate Armour           Summ/Erth      Unusable   N/A       N/A         4

Dungeon Overview and Level Annotations

Branches:
Dungeon (4/15)
 Temple: D:4-7

Altars:
Gozag
Okawaru
Trog
Vehumet

Shops:
D:2 ?

Annotations:
D:4 exclusion: statue


Innate Abilities, Weirdness & Mutations

You have a pair of horns on your head.
You reflexively headbutt those who attack you in melee.


Message History

You now have 184 gold pieces (gained 10).
An endoplasm comes into view.
The endoplasm quivers.
The endoplasm closely misses you.
You sock the endoplasm!
You kill the endoplasm!
Okawaru accepts your kill.
You see here a +0 whip.
You see here a +0 dagger.
Things that are here:
a +0 short sword; a +0 flail
Things that are here:
a +0 club; a +0 leather armour
Items here: )))) [.
You see here a +0 halberd.
You see here a +0 ring mail.
Found a stone staircase leading down.
You now have 186 gold pieces (gained 2).
Found 16 stones.
Found a radiant altar of Vehumet.
A charred statue comes into view.
Marking area around a charred statue as unsafe for travelling.
A two-headed ogre comes into view.
It is wielding a +0 great mace and a +0 giant spiked club.
The two-headed ogre shouts in stereo!
Activating: Heroism (10% risk of failure)
Press: ? - help, Q - select action, (/) - cycle Dir - look around, f - activate You gain the combat prowess of a mighty hero.
You block the two-headed ogre's attack. x2
You hit the two-headed ogre. You headbutt the two-headed ogre.
The two-headed ogre is lightly wounded.
You sock the two-headed ogre! You headbutt the two-headed ogre!
The two-headed ogre is heavily wounded.
The two-headed ogre hits you with a +0 great mace!!
The two-headed ogre hits you with a +0 giant spiked club!!
You are too injured to fight recklessly!
You are too injured to fight recklessly!
You hit the two-headed ogre.
The two-headed ogre is severely wounded.
The two-headed ogre hits you with a +0 great mace!!
You die...

###...# #.# ###.#
#.# #.# #.# # #.#
#.# #####.# #.#
......# .# .....##
.#
####.############O#
# #............@.#
# ################


You could see a two-headed ogre.

Vanquished Creatures
  Duvessa (D:4)
  An ogre (D:4)
  A phantom (D:4)
  A scorpion (D:4)
  Dowan (D:4)
  An orc priest (D:4)
  A gnoll shaman (D:4)
  Terence (D:3)
  3 adders
  5 gnolls
  A dart slug (D:4)
  6 orcs
  2 ball pythons
  6 bats
  10 endoplasms
  2 giant cockroaches
  7 hobgoblins
  3 quokkas
  A frilled lizard (D:3)
  8 goblins
  2 kobolds
  4 rats
68 creatures vanquished.

Notes
Turn   | Place    | Note
-------+----------+-------------------------------------------
     0 | D:1      | Artihs the Minotaur Fighter began the quest for the Orb.
     0 | D:1      | Reached XP level 1. HP: 19/19 MP: 0/0
   206 | D:1      | Reached XP level 2. HP: 23/27 MP: 1/1
   841 | D:2      | Found a faded altar of an unknown god.
   953 | D:2      | Reached XP level 3. HP: 33/33 MP: 2/2
  1186 | D:2      | Reached skill level 1 in Dodging
  1284 | D:2      | Found Enwecw's Magic Scroll Shoppe.
  1446 | D:3      | Found an opulent altar of Gozag.
  1745 | D:3      | Noticed Terence
  1751 | D:3      | Killed Terence
  1752 | D:3      | Reached XP level 4. HP: 40/40 MP: 3/3
  2167 | D:3      | Found a bloodstained altar of Trog.
  2167 | D:3      | Found an iron altar of Okawaru.
  2188 | D:3      | Became a worshipper of Warmaster Okawaru
  2654 | D:4      | Noticed a scorpion
  2666 | D:4      | Killed a scorpion
  2667 | D:4      | Reached XP level 5. HP: 6/47 MP: 4/4
  2689 | D:4      | Noticed a phantom
  2898 | D:4      | Noticed Dowan
  2898 | D:4      | Noticed Duvessa
  2911 | D:4      | Killed Duvessa
  2911 | D:4      | Reached * piety under Okawaru
  2912 | D:4      | Reached XP level 6. HP: 29/53 MP: 5/5
  2915 | D:4      | Killed Dowan
  3217 | D:4      | Identified the amulet of Amelioration {RegenMP rN++ Stlth+}
  3230 | D:4      | Reached skill level 5 in Armour
  3230 | D:4      | Reached skill level 5 in Shields
  3605 | D:4      | Reached skill level 5 in Fighting
  3731 | D:4      | Reached skill level 1 in Throwing
  3731 | D:4      | Reached XP level 7. HP: 40/61 MP: 6/6
  4039 | D:4      | Found a radiant altar of Vehumet.
  4079 | D:4      | Noticed a two-headed ogre
  4083 | D:4      | Slain by a two-headed ogre

Illustrated notes

Levels and vault maps discovered:
D:1:      dpeg_arrival_tiny_c, layout_basic, minmay_misc_feat_hallway
D:2:      layout_rooms, basic_ecumenical_altar, serial_shops,
          nicolae_shop_behind_doors
D:3:      layout_basic, grunt_temple_overflow_bloody_war,
          nicolae_gozag_seed_capital, uniq_terence
D:4:      layout_loops_ring, vehumet_statue, mainiacjoe_overflow_alcove_3,
          uniq_duvessa

Skill      XL: |  1  2  3  4  5  6 |
---------------+-------------------+-----
Armour         | 4 5 |  5.2
Shields        | 4 5 |  5.2
Fighting       | 4 5 |  5.1
Maces & Flails | 3 4 |  4.4
Dodging        | 1 2 3 4 |  4.2
Throwing       | 1 |  1.1

Action                   |  1- 3 |  4- 6 |  7- 9 || total
-------------------------+-------+-------+-------++-------
Melee: Flail             |   105 |       |       ||   105
       Headbutt          |    11 |    12 |     2 ||    25
       Mace              |       |    60 |     4 ||    64
Throw: Dart              |       |    13 |       ||    13
       Boomerang         |       |    20 |       ||    20
Invok: Heroism           |       |       |     1 ||     1
  Use: Scroll            |     1 |       |       ||     1
       Potion            |       |     2 |       ||     2
Armor: Scale mail        |    44 |    19 |       ||    63
Dodge: Dodged            |    45 |    25 |     1 ||    71
Block: Buckler           |    20 |       |       ||    20
       Kite shield       |    26 |    34 |     2 ||    62

Table legend: (Time is in decaauts)
 A = Elapsed time spent in this place.
 B = Non-inter-level travel time spent in this place.
 C = Inter-level travel time spent in this place.
 D = Time resting spent in this place.
 E = Time spent auto-exploring this place.
 F = Levels seen in this place.
 G = Mean time per level.
                   A        B        C        D        E       F      G
               +--------+--------+--------+--------+--------+-----+--------+
         Total |   4151 |   3667 |    484 |    741 |   2359 |   4 | 1037.8 |
       Dungeon |   4151 |   3667 |    484 |    741 |   2359 |   4 | 1037.8 |
               +--------+--------+--------+--------+--------+-----+--------+

Top non-repeatable levels by time:
     D:3: 1480 daAuts
     D:4: 1254 daAuts
     D:1: 853 daAuts
     D:2: 562 daAuts
